AoeStats
← Larkinstreet

Lombardia

509529356Analyzed
2v2 RM · 6d ago on Sep 27, 2026· 37m 49s· 4 players
Game mode
Random Map
Map size
Medium (4 player)
Population
200
Speed
Normal
Resources
Standard
Victory
Conquest
Starting age
Dark Age
Ending age
Imperial Age
RankedLock teamsTeams togetherTeam positionsShared explorationLock speedFull tech treeHidden civsTurbo modeCheats
Victory
Defeat
🇧🇷 Maya · Brazil
1059
+16
🇨🇴 Magyars · Colombia
988
+19
🇦🇺 Saxons · Australia
1074
-18
🇺🇸 Lithuanians · United States
1032
-17
Papayo27
10:33 Feudal Age
11:03 Loom
13:04 Double-Bit Axe
18:19 Castle Age
18:54 Horse Collar
20:17 Gold Mining
20:40 Bow Saw
21:54 Pikeman
24:46 Heavy Plow
25:28 Ballistics
26:46 Scale Barding Armor
27:39 Light Cavalry
28:25 Husbandry
28:37 Bloodlines
29:05 Wheelbarrow
29:37 Fletching
31:31 Thumb Ring
34:04 Town Watch
40:33 Imperial Age
38:21 Hand Cart
38:29 Chain Barding Armor
nicolaiequal
0:38 Loom
11:24 Feudal Age
12:57 Double-Bit Axe
21:12 Castle Age
20:22 Wheelbarrow
20:30 Stone Mining
20:32 Gold Mining
21:20 Man-at-Arms
21:21 Pikeman
21:30 Pikeman
22:50 Squires
24:21 Horse Collar
25:33 Scale Mail Armor
28:52 Forging
29:00 Chain Mail Armor
29:21 Heavy Plow
30:42 Bow Saw
32:08 Iron Casting
31:43 Eagle Warrior
33:13 Fletching
40:53 Imperial Age
Larkinstreet
7:18 Loom
10:00 Feudal Age
10:58 Double-Bit Axe
17:48 Forging
23:01 Castle Age
21:39 Scale Barding Armor
22:12 Bloodlines
21:53 Horse Collar
22:30 Gold Mining
25:20 Husbandry
28:24 Chain Barding Armor
29:49 Fervor
30:15 Fletching
30:47 Elite Skirmisher
33:16 Padded Archer Armor
toesucker69
5:24 Loom
10:35 Feudal Age
10:51 Man-at-Arms
12:55 Wheelbarrow
13:40 Arson
15:54 Double-Bit Axe
18:09 Horse Collar
22:23 Castle Age
21:19 Gold Mining
21:29 Fletching
22:41 Padded Archer Armor
22:30 Crossbowman
23:11 Bodkin Arrow
24:11 Bow Saw
24:39 Ballistics
Connection lost

Rejoining the realm…

Still unreachable

The connection could not be restored.

Session expired

The server has moved on; the page needs a fresh start.